 Dungeon Crawl Stone Soup version 0.26-a0-466-g989023bd0d (webtiles) character file.

Game seed: 3209424659309936449

392 Gargoyl the Skirmisher (level 6, -5/53 HPs)
             Began as a Gnoll Abyssal Knight on July 30, 2020.
             Was a Believer of Lugonu.
             Slain by Duvessa
             ... wielding a +4 short sword
              (8 damage)
             ... on level 4 of the Dungeon.
             The game lasted 00:04:11 (4096 turns).

Gargoyl the Skirmisher (Gnoll Abyssal Knight)       Turns: 4096, Time: 00:04:12

Health: -5/53      AC:  8    Str: 15    XL:     6   Next: 81%
Magic:  9/9        EV: 15    Int: 15    God:    Lugonu [**....]
Gold:   136        SH:  0    Dex: 15    Spells: 9/9 levels left

rFire    . . .     SeeInvis .   q - +2 quarterstaff (distort)
rCold    . . .     Faith    .   (shield currently unavailable)
rNeg     . . .     Spirit   .   i - +1 scale mail
rPois    .         Reflect  .   (no helmet)
rElec    .         Harm     .   (no cloak)
rCorr    .                      (no gloves)
MR       .....                  (no boots)
Stlth    +.........             (no amulet)
HPRegen  0.17/turn              c - +4 ring of evasion
MPRegen  0.11/turn              (no ring)

@: lethally poisoned (-5 -> -8)
A: distributed training, fangs 1, strong nose
a: Depart the Abyss, Bend Space, Renounce Religion


You were on level 4 of the Dungeon.
You worshipped Lugonu.
Lugonu was pleased with you.
You visited 1 branch of the dungeon, and saw 4 of its levels.
You visited the Abyss 1 time.

You collected 136 gold pieces.

Inventory:

Hand Weapons
 a - a +1 hand axe
 m - a +0 spear
 q - a +2 quarterstaff of distortion (weapon)
Armour
 i - a +1 scale mail (worn)
Jewellery
 c - a +4 ring of evasion (left hand)
 f - the ring "Huroff" {+Blink MR+}
   (You took it off a hobgoblin on level 3 of the Dungeon)

   [ring of protection from magic]

   It affects your resistance to hostile enchantments.
   It lets you blink.
 p - a +6 ring of dexterity {unknown}
Scrolls
 b - 3 scrolls of remove curse
 d - 2 scrolls of teleportation
 g - 3 scrolls of identify
 k - 3 scrolls of enchant armour
Potions
 e - 2 potions of curing
 h - a potion of brilliance {unknown}
 j - a potion of might {unknown}
 l - 4 potions of degeneration {unknown}
 n - a potion of magic {unknown}
 o - a potion of resistance {unknown}


   Skills:
 + Level 6.9 Fighting
 + Level 2.1 Short Blades
 + Level 2.1 Long Blades
 + Level 5.0 Axes
 + Level 2.1 Maces & Flails
 + Level 2.1 Polearms
 + Level 2.1 Staves
 + Level 2.1 Slings
 + Level 2.1 Bows
 + Level 2.1 Crossbows
 + Level 2.1 Throwing
 + Level 5.0 Armour
 + Level 3.3 Dodging
 + Level 2.1 Stealth
 + Level 2.1 Shields
 + Level 2.1 Unarmed Combat
 + Level 2.1 Spellcasting
 + Level 1.6 Conjurations
 + Level 1.6 Hexes
 + Level 1.6 Summonings
 + Level 1.6 Necromancy
 + Level 1.6 Translocations
 + Level 1.6 Transmutations
 + Level 1.6 Fire Magic
 + Level 1.6 Ice Magic
 + Level 1.6 Air Magic
 + Level 1.6 Earth Magic
 + Level 1.6 Poison Magic
 + Level 5.1 Invocations
 + Level 2.1 Evocations


You had 9 spell levels left.
You didn't know any spells.
Your spell library was empty.

Dungeon Overview and Level Annotations

Branches:
Dungeon (4/15)
 Temple: D:4-7

Altars:
Ru
Trog

Annotations:
D:4 Duvessa


Innate Abilities, Weirdness & Mutations

Your experience applies equally to all skills.
You have very sharp teeth.
Your uncanny sense of smell can sniff out nearby items.


Message History

Duvessa closely misses you. Duvessa hits you with a +4 short sword!
You barely miss Duvessa. Your bite misses Duvessa.
Duvessa hits you with a +4 short sword!!
The orc misses you. Duvessa hits you with a +4 short sword!
* * * LOW HITPOINT WARNING * * *
Unknown command.
You sock Duvessa!
Space bends around Duvessa.
Duvessa is moderately wounded.
The orc closely misses you. Duvessa closely misses you. The orc misses you.
Unknown command.
You hit Duvessa but do no damage.
Space warps horribly around Duvessa!
Duvessa is moderately wounded.
Duvessa completely misses you. Duvessa misses you.
The orc hits you but does no damage.
You are lethally poisoned!
You hit Duvessa but do no damage.
Duvessa is moderately wounded.
* * * LOW HITPOINT WARNING * * *
You feel sick. Duvessa hits you with a +4 short sword!
You die...

##..# #.....##...##
###..##...........######
#..........###...#..##
#.. .....## ###.....###
.....# ##......##
####>.# #.....[.###
#....# #.........#
#..o####.........#
#.e@#..#........####
###..###...........#
#.## #............ #.##
##........... ##
#####..........#
#......(#..##...
####....##.###..
##....#.# #..
#.###...####.


You could see Duvessa (berserk) and an orc.

Vanquished Creatures
  Dowan (D:4)
  A jelly (D:2)
  An orc priest (D:4)
  An orc wizard (D:4)
  A hound skeleton (D:4)
  7 adders
  An ooze (D:1)
  4 worms
  2 dart slugs
  2 leopard geckos
  2 orcs (D:4)
  3 giant cockroaches (D:2)
  7 goblins
  7 hobgoblins
  8 jackals
  5 quokkas
  8 bats
  3 frilled lizards
  4 kobolds
  A leopard gecko skeleton (D:4)
  12 rats
81 creatures vanquished.

Vanquished Creatures (others)
  An ogre (D:4)
1 creature vanquished.

Grand Total: 82 creatures vanquished

Notes
Turn   | Place    | Note
-------+----------+-------------------------------------------
     0 | Abyss:1  | Gargoyl the Gnoll Abyssal Knight began the quest for the
                  | Orb.
     0 | Abyss:1  | Reached XP level 1. HP: 23/23 MP: 3/3
    61 | Abyss:1  | Noticed an ancient zyme
   142 | D:1      | Escaped the Abyss
   639 | D:1      | Reached XP level 2. HP: 19/29 MP: 5/5
  1089 | D:1      | Reached * piety under Lugonu
  1350 | D:2      | Found a sacrificial altar of Ru.
  1384 | D:2      | Reached XP level 3. HP: 34/35 MP: 6/6
  1476 | D:2      | Reached skill level 1 in Short Blades
  1476 | D:2      | Reached skill level 1 in Long Blades
  1476 | D:2      | Reached skill level 1 in Maces & Flails
  1476 | D:2      | Reached skill level 1 in Polearms
  1476 | D:2      | Reached skill level 1 in Staves
  1476 | D:2      | Reached skill level 1 in Slings
  1476 | D:2      | Reached skill level 1 in Bows
  1476 | D:2      | Reached skill level 1 in Crossbows
  1476 | D:2      | Reached skill level 1 in Throwing
  1476 | D:2      | Reached skill level 1 in Stealth
  1476 | D:2      | Reached skill level 1 in Shields
  1476 | D:2      | Reached skill level 1 in Unarmed Combat
  1476 | D:2      | Reached skill level 1 in Spellcasting
  1476 | D:2      | Reached skill level 1 in Evocations
  1476 | D:2      | Reached XP level 4. HP: 8/41 MP: 7/7
  2097 | D:2      | Reached skill level 1 in Conjurations
  2097 | D:2      | Reached skill level 1 in Hexes
  2097 | D:2      | Reached skill level 1 in Summonings
  2097 | D:2      | Reached skill level 1 in Necromancy
  2097 | D:2      | Reached skill level 1 in Translocations
  2097 | D:2      | Reached skill level 1 in Transmutations
  2097 | D:2      | Reached skill level 1 in Fire Magic
  2097 | D:2      | Reached skill level 1 in Ice Magic
  2097 | D:2      | Reached skill level 1 in Air Magic
  2097 | D:2      | Reached skill level 1 in Earth Magic
  2097 | D:2      | Reached skill level 1 in Poison Magic
  2536 | D:2      | Found a faded altar of an unknown god.
  2782 | D:3      | Reached XP level 5. HP: 39/47 MP: 8/8
  2946 | D:3      | Identified the ring "Huroff" {+Blink MR+}
  2987 | D:3      | Reached ** piety under Lugonu
  3423 | D:3      | Noticed a moth of wrath
  3426 | D:3      | Found a bloodstained altar of Trog.
  3634 | D:4      | Reached skill level 5 in Invocations
  3634 | D:4      | Reached XP level 6. HP: 19/53 MP: 9/9
  4015 | D:4      | Reached skill level 5 in Axes
  4015 | D:4      | Reached skill level 5 in Armour
  4087 | D:4      | Noticed Duvessa
  4087 | D:4      | Noticed Dowan
  4091 | D:4      | Killed Dowan
  4096 | D:4      | Slain by Duvessa

Illustrated notes

Levels and vault maps discovered:
D:1:      scummos_arrival_star, layout_loops_cross
D:2:      layout_loops_ring, marbit_many_paths, chequers_ecumenical_altar_lobes,
          nicolae_ru_sacrificial_ziggurat
D:3:      minmay_diamond_boxcup, layout_basic, tgw_trog
D:4:      layout_layer_cave, uniq_duvessa

Skill      XL: |  1  2  3  4  5  6 |
---------------+-------------------+-----
Short Blades   | 1 2 |  2.1
Long Blades    | 1 2 |  2.1
Maces & Flails | 1 2 |  2.1
Polearms       | 1 2 |  2.1
Staves         | 1 2 |  2.1
Slings         | 1 2 |  2.1
Bows           | 1 2 |  2.1
Crossbows      | 1 2 |  2.1
Throwing       | 1 2 |  2.1
Stealth        | 1 2 |  2.1
Shields        | 1 2 |  2.1
Unarmed Combat | 1 2 |  2.1
Spellcasting   | 1 2 |  2.1
Evocations     | 1 2 |  2.1
Conjurations   | 1 |  1.6
Hexes          | 1 |  1.6
Summonings     | 1 |  1.6
Necromancy     | 1 |  1.6
Translocations | 1 |  1.6
Transmutations | 1 |  1.6
Fire Magic     | 1 |  1.6
Ice Magic      | 1 |  1.6
Air Magic      | 1 |  1.6
Earth Magic    | 1 |  1.6
Poison Magic   | 1 |  1.6
Dodging        | 3 |  3.3
Invocations    | 5 |  5.1
Axes           | 5 |  5.0
Armour         | 5 |  5.0
Fighting       | |  6.9

Action                   |  1- 3 |  4- 6 || total
-------------------------+-------+-------++-------
Melee: Hand axe          |    56 |   158 ||   214
       Bite              |     5 |    14 ||    19
       Punch             |       |     3 ||     3
       Quarterstaff      |       |    32 ||    32
Invok: Depart the Abyss  |     1 |       ||     1
  Use: Potion            |     3 |       ||     3
       Scroll            |     4 |     2 ||     6
 Stab: Sleeping          |     1 |       ||     1
Armor: Leather armour    |     3 |       ||     3
       Scale mail        |     4 |    84 ||    88
Dodge: Dodged            |    44 |   178 ||   222

Table legend: (Time is in decaauts)
 A = Elapsed time spent in this place.
 B = Non-inter-level travel time spent in this place.
 C = Inter-level travel time spent in this place.
 D = Time resting spent in this place.
 E = Time spent auto-exploring this place.
 F = Levels seen in this place.
 G = Mean time per level.
                   A        B        C        D        E       F      G
               +--------+--------+--------+--------+--------+-----+--------+
         Total |   4115 |   4039 |     76 |    968 |   2312 |   5 |  823.0 |
       Dungeon |   3973 |   3897 |     76 |    919 |   2256 |   4 |  993.2 |
         Abyss |    141 |    141 |      0 |     49 |     56 |   1 |  141.0 |
               +--------+--------+--------+--------+--------+-----+--------+

Top non-repeatable levels by time:
     D:1: 1210 daAuts
     D:2: 1189 daAuts
     D:3: 1002 daAuts
     D:4: 571 daAuts
 Abyss:1: 141 daAuts
